AoeStats
← B1SH0P

Haboob

515405015Analyzed
1v1 RM · 3d ago on Oct 22, 2026· 25m 54s· 2 players
Game mode
Random Map
Map size
Tiny (2 player)
Population
200
Speed
Normal
Resources
Standard
Victory
Conquest
Starting age
Dark Age
Ending age
Imperial Age
RankedLock teamsTeams togetherTeam positionsShared explorationLock speedFull tech treeHidden civsTurbo modeCheats
Victory
Defeat
🇺🇸 Bulgarians · United States
1334
+17
vs
🇺🇸 Saracens · United States
1360
-17
B1SH0P
3:08 Loom
9:32 Feudal Age
10:07 Double-Bit Axe
11:41 Horse Collar
15:27 Scale Barding Armor
15:33 Forging
18:18 Bloodlines
21:05 Wheelbarrow
23:13 Fletching
27:15 Castle Age
vijayanandsmail
6:10 Loom
9:00 Feudal Age
11:34 Double-Bit Axe
11:31 Horse Collar
21:47 Fletching
Connection lost

Rejoining the realm…

Still unreachable

The connection could not be restored.

Session expired

The server has moved on; the page needs a fresh start.